 Dungeon Sprint DCSS version 0.17-a0-1778-gd369669 (webtiles) character file.

455 pipel the Cleaver (level 7, -4/68 HPs)
             Began as a Hill Orc Skald on Sept 8, 2015.
             Was a High Priest of Beogh.
             Killed by the air
             ... invoked by Gastronok
              (30 damage)
             ... in the Dungeon (Sprint VII: "The Pits").
             The game lasted 00:12:33 (668 turns).

pipel the Cleaver (Hill Orc Skald)                   Turns: 668, Time: 00:12:34

Health: -4/68      AC:  4    Str: 17    XL:     7   Next: 5%
Magic:  4/10       EV: 12    Int: 12    God:    Beogh [*****.]
Gold:   0          SH:  0    Dex: 10    Spells: 4 memorised, 2 levels left

rFire  . . .     SeeInvis .     a - +3 hand axe (freeze)
rCold  . . .     Clarity  .     p - +0 leather armour
rNeg   . . .     SustAt   .     (no shield)
rPois  .         Gourm    .     (no helmet)
rElec  .         Spirit   .     (no cloak)
rCorr  .         Warding  .     (no gloves)
rMut   .         NoTele   +     (no boots)
MR     .....                    (no amulet)
Stlth  +.........               (no ring)
                                (no ring)

@: shrouded (expiring), very slightly contaminated, slowed, very slow, not
resistant to hostile enchantments, very unstealthy
A: walk on water
a: Smiting, Recall Orcish Followers, Give Item to Named Follower, Renounce
Religion


You were in the Dungeon.
You worshipped Beogh.
Beogh was extremely pleased with you.
You were not hungry.

You visited 1 branch

Inventory:

Hand weapons
 a - a +3 hand axe of freezing (weapon)
 u - a +2 trident
 v - a +1 trident of piercing
 x - a +0 halberd
Missiles
 o - 10 stones (quivered)
Armour
 p - a +0 leather armour (worn)
 w - a +3 scale mail
Magical staves
 b - an uncursed staff of energy
Scrolls
 j - a scroll of blinking
 q - 3 scrolls of remove curse
 r - 5 scrolls of amnesia
 s - a scroll of summoning
 t - 2 scrolls of vulnerability
Potions
 e - 5 potions of curing
 f - 4 potions of heal wounds
 g - a potion of haste
 h - 3 potions of magic
 m - 2 potions of berserk rage
 n - 2 potions of invisibility
Books
 c - a book of Battle

   Spells                             Type                      Level
   a - Infusion                       Charms                       1
   b - Shroud of Golubria             Charms/Translocation         2
   c - Song of Slaying                Charms                       2
   d - Spectral Weapon                Hexes/Charms                 3
   e - Regeneration                   Charms/Necromancy            3
Comestibles
 d - 8 bread rations
 i - 2 chunks of flesh
 k - 40 fruits
 l - 7 meat rations


   Skills:
 * Level 8.2 Fighting
 * Level 10.1 Axes
 + Level 0.6 Throwing
 + Level 4.0 Armour
 + Level 2.9 Dodging
 - Level 0.1 Stealth
 - Level 2.5 Spellcasting
 - Level 3.6 Hexes
 - Level 6.6 Charms
 - Level 3.4 Necromancy
 - Level 0.1 Translocations
 - Level 2.1 Evocations


You had 2 spell levels left.
You knew the following spells:

 Your Spells              Type           Power        Failure   Level  Hunger
a - Infusion              Chrm           ###...       1%          1    #......
b - Shroud of Golubria    Chrm/Tloc      #.........   12%         2    ###....
r - Regeneration          Chrm/Necr      ##........   14%         3    ###....
s - Spectral Weapon       Hex/Chrm       ##......     14%         3    ###....


Dungeon Overview and Level Annotations

Branches:
Dungeon (1/1)

Altars:
Ashenzari
Cheibriados
Dithmenos
Elyvilon
Fedhas
Gozag
Kikubaaqudgha
Makhleb
Nemelex Xobeh
Okawaru
Qazlal
Ru
Sif Muna
Trog
Vehumet
Xom
Yredelemnul
Zin
The Shining One
Beogh
Jiyva
Lugonu

Annotations:
D Gastronok


Message History

Gastronok is heavily wounded.
Your spectral weapon hits Gastronok.
Your spectral weapon freezes Gastronok.
Gastronok bites you!!
* * * LOW HITPOINT WARNING * * *
Unknown command.
Drink which item? (? for menu, Esc to quit)
You feel much better.
You slash Gastronok! You freeze Gastronok.
Gastronok is severely wounded.
Your spectral weapon hits Gastronok!
Your spectral weapon freezes Gastronok.
Gastronok bites your spectral weapon!
Your spectral weapon shares its damage with you!
Unknown command.
You hit Gastronok. You freeze Gastronok.
Gastronok is severely wounded.
Your shroud begins to fray at the edges.
Your spectral weapon hits Gastronok!
Your spectral weapon freezes Gastronok.
Gastronok waves his eye-stalks in wide circles.
The air twists around and strikes you!
You die...

#.####)##'###...<...#
#.#........##.......#
#.#........##.......#
#'###########.......#
#.......#..##########
#...#...#.######
#..)#...#.#....#
#.##.##.#'#....#
#...#..@#.w...w+
#...#.(w#'#....#
#......)†.# ...#
########### ###


You could see Gastronok.

Vanquished Creatures
  A deep elf fighter (D)
  A necrophage (D)
  A wight (D)
  A crimson imp (D)
  An iguana (D)
  3 worker ants (D)
  A mummy (D)
  2 gnolls (D)
  An adder (D)
  A giant eyeball (D)
  An ooze (D)
  An adder skeleton (D)
  A bat (D)
  A kobold (D)
  A ball python (D)
  A giant cockroach (D)
  A giant cockroach zombie (D)
  A giant gecko skeleton (D)
  A giant newt (D)
22 creatures vanquished.

Notes
Turn   | Place    | Note
--------------------------------------------------------------
     0 | D        | pipel the Hill Orc Skald began the quest for the Orb.
     0 | D        | Reached XP level 1. HP: 18/18 MP: 3/3
    10 | D        | Noticed a worker ant
    14 | D        | Killed a worker ant
    14 | D        | Reached skill level 3 in Fighting
    14 | D        | Reached skill level 4 in Charms
    14 | D        | Reached XP level 2. HP: 26/26 MP: 0/5
    14 | D        | Reached XP level 3. HP: 31/31 MP: 0/6
    24 | D        | Learned a level 3 spell: Regeneration
    28 | D        | Learned a level 3 spell: Spectral Weapon
    57 | D        | Found a sacrificial altar of Ru.
    57 | D        | Found a basalt altar of Yredelemnul.
    57 | D        | Found a glowing golden altar of the Shining One.
    57 | D        | Found a deep blue altar of Sif Muna.
    57 | D        | Found a burning altar of Makhleb.
    57 | D        | Found an ancient bone altar of Kikubaaqudgha.
    57 | D        | Found a glowing silver altar of Zin.
    58 | D        | Found a shadowy altar of Dithmenos.
    58 | D        | Found a bloodstained altar of Trog.
    58 | D        | Found a shattered altar of Ashenzari.
    58 | D        | Found a white marble altar of Elyvilon.
    58 | D        | Found a snail-covered altar of Cheibriados.
    58 | D        | Found a blossoming altar of Fedhas.
    58 | D        | Found a radiant altar of Vehumet.
    58 | D        | Found a shimmering altar of Xom.
    58 | D        | Found a sparkling altar of Nemelex Xobeh.
    58 | D        | Found a corrupted altar of Lugonu.
    58 | D        | Found a viscous altar of Jiyva.
    58 | D        | Found a roughly hewn altar of Beogh.
    58 | D        | Found an iron altar of Okawaru.
    62 | D        | Found a stormy altar of Qazlal.
    63 | D        | Found an opulent altar of Gozag.
    64 | D        | Became a worshipper of Beogh the Brigand
    88 | D        | Reached skill level 1 in Hexes
    94 | D        | Reached skill level 1 in Necromancy
   161 | D        | Acquired Beogh's first power
   167 | D        | Noticed a deep elf fighter
   167 | D        | Noticed a worker ant
   171 | D        | Acquired Beogh's second power
   176 | D        | Killed a deep elf fighter
   176 | D        | Reached skill level 5 in Fighting
   176 | D        | Reached skill level 6 in Axes
   176 | D        | Reached skill level 1 in Dodging
   176 | D        | Reached skill level 1 in Evocations
   176 | D        | Reached XP level 4. HP: 17/42 MP: 4/7
   176 | D        | Reached XP level 5. HP: 19/48 MP: 4/8
   197 | D        | Killed a worker ant
   253 | D        | Learned a level 2 spell: Shroud of Golubria
   277 | D        | Noticed a necrophage
   279 | D        | Acquired Beogh's third power
   284 | D        | Killed a necrophage
   284 | D        | Reached skill level 8 in Axes
   284 | D        | Reached XP level 6. HP: 35/57 MP: 6/9
   321 | D        | Acquired Beogh's fourth power
   500 | D        | Noticed a crimson imp
   500 | D        | Noticed a worker ant
   500 | D        | Noticed a wight
   508 | D        | Killed a wight
   508 | D        | Reached skill level 9 in Axes
   509 | D        | Killed a worker ant
   509 | D        | Acquired Beogh's fifth power
   512 | D        | Killed a crimson imp
   637 | D        | Noticed an iguana
   637 | D        | Noticed Gastronok
   645 | D        | Killed an iguana
   645 | D        | Reached skill level 10 in Axes
   645 | D        | Reached XP level 7. HP: 55/67 MP: 3/10
   668 | D        | Killed from afar by Gastronok

Vault maps used:
D:        pitsprint

Action                   |  1- 3 |  4- 6 |  7- 9 || total
-------------------------+-------+-------+-------++-------
Melee: Hand axe          |    23 |    29 |    10 ||    62
Throw: Stone             |       |     6 |       ||     6
 Cast: Infusion          |     2 |       |       ||     2
       Regeneration      |     1 |     6 |       ||     7
       Spectral Weapon   |     1 |     5 |     1 ||     7
       Shroud of Golubri |       |     2 |     1 ||     3
Evoke: Staff of energy   |     4 |     8 |       ||    12
  Use: Potion            |     2 |     1 |     2 ||     5
  Eat: Chunk             |       |     2 |       ||     2
